 Dungeon Crawl Stone Soup version 0.22.1-2-g9c5b331383 (webtiles) character file.

2176 LLavrengius the Jinx (level 9, -11/57 HPs)
             Began as a Vampire Enchanter on Nov 15, 2018.
             Mangled by an orc warrior
             ... wielding a +4 spear
              (18 damage)
             ... in a bailey.
             The game lasted 00:32:37 (9365 turns).

LLavrengius the Jinx (Vampire Enchanter)            Turns: 9365, Time: 00:32:38

Health: -11/57     AC:  4    Str:  7    XL:     9   Next: 11%
Magic:  8/12       EV: 12    Int: 18    God:
Gold:   152        SH:  0    Dex: 17    Spells: 6/12 levels left

rFire    . . .     SeeInvis +   A - +4 dagger (elec)
rCold    + . .     Gourm    .   (no shield)
rNeg     + + .     Faith    .   u - +0 leather armour
rPois    +         Spirit   .   (no helmet)
rElec    .         Reflect  .   n - +0 cloak (curse)
rCorr    .         Harm     .   (no gloves)
MR       +....                  (no boots)
Stlth    +++++.....             (no amulet)
HPRegen  0.09/turn              v - ring of protection from magic
MPRegen  0.13/turn              g - ring of poison resistance

@: regenerating slowly
A: fangs 3, see invisible, unbreathing
a: Bat Form


You were in a bailey.
You were near bloodless.

You visited 2 branches of the dungeon, and saw 9 of its levels.
You also visited: Bailey.

You collected 449 gold pieces.
You spent 297 gold pieces at shops.

Inventory:

Hand Weapons
 b - a +0 rapier
 A - a +4 dagger of electrocution (weapon)
Armour
 n - a cursed +0 cloak (worn)
 u - a +0 leather armour (worn)
Jewellery
 g - a ring of poison resistance (right hand)
 v - a ring of protection from magic (left hand)
Wands
 p - a wand of paralysis (25)
 z - a wand of scattershot (6)
 D - a wand of polymorph (10)
 E - a wand of flame (25)
Scrolls
 a - a scroll of magic mapping
 c - a scroll of identify
 e - a scroll of fog
 f - a scroll of blinking
 k - 3 scrolls of remove curse
 o - a scroll of fear {unknown}
 w - a scroll of enchant weapon {unknown}
 x - a scroll of amnesia {unknown}
 B - 2 scrolls of teleportation {unknown}
 C - a scroll of enchant armour {unknown}
Potions
 d - 9 potions of blood
 h - a potion of cancellation
 i - 3 potions of degeneration
 j - 3 potions of curing
 l - 2 potions of heal wounds
 m - a potion of agility
 q - a potion of brilliance
 r - a potion of haste
 t - a potion of flight {unknown}


   Skills:
 * Level 9.8 Short Blades
 - Level 2.1 Dodging
 - Level 8.0 Stealth
 - Level 2.0 Spellcasting
 + Level 10.1 Hexes
 - Level 2.0 Ice Magic


You had 6 spell levels left.
You knew the following spells:

 Your Spells              Type           Power        Failure   Level  Hunger
a - Corona                Hex            #####..      1%          1    #......
b - Ensorcelled Hibernat  Hex/Ice        ###...       3%          2    ###....
c - Confuse               Hex            #####...     1%          3    ###....

Your spell library contained the following spells:

 Spells                   Type           Power        Failure   Level  Hunger
 Tukima's Dance           Hex            #####...     1%          3    ###....
 Dazzling Spray           Conj/Hex       ###...       11%         3    ###....
 Sandblast                Erth           #.....       26%         1    #......
 Passwall                 Tmut/Erth      #.......     38%         2    ###....
 Stone Arrow              Conj/Erth      #.....       63%         3    ###....
 Petrify                  Tmut/Erth      #.......     95%         4    #####..
 Lee's Rapid Deconstruct  Erth           #.........   100%        5    ######.


Dungeon Overview and Level Annotations

Branches:
Dungeon (8/15)             Temple (1/1) D:7
   Lair: D:8-11

Altars:
Ashenzari
Cheibriados
Elyvilon
Fedhas
Gozag
Hepliaklqana
Kikubaaqudgha
Makhleb
Nemelex Xobeh
Okawaru
Qazlal
Ru
Sif Muna
Trog
Uskayaw
Vehumet
Wu Jian
Xom
Yredelemnul
Zin
The Shining One
Lugonu

Shops:
D:8 (*(!

Annotations:
D:7 2 transporters
D:8 exclusion: statue


Innate Abilities, Weirdness & Mutations

You heal slowly.
You have razor-sharp teeth.
You have supernaturally acute eyesight. (SInv)
You can survive without breathing.


Message History

You are too injured to fight recklessly!
You are too injured to fight recklessly!
Unknown command.
The orc hits you but does no damage.
There is an open door here.
There is an open door here.
Casting: Ensorcelled Hibernation (safe; 3% risk of failure)
Confirm with . or Enter, or press ? or * to list all spells.
Aiming: Ensorcelled Hibernation (safe; 3% risk of failure)
Press: ? - help, Shift-Dir - straight line, f - orc
Aim: an orc, wielding a war axe (chance to defeat MR: 70%)
The orc struggles to resist.
The orc barely misses you.
Casting: Ensorcelled Hibernation (safe; 3% risk of failure)
Confirm with . or Enter, or press ? or * to list all spells.
Aiming: Ensorcelled Hibernation (safe; 3% risk of failure)
Press: ? - help, Shift-Dir - straight line, f/p - orc
Aim: an orc, wielding a war axe (chance to defeat MR: 70%)
The orc looks drowsy...
The orc warrior hits you from afar with an enchanted spear!!
You die...

####### ############
##.....## ##........∩.##
#.....o.######............#
+.....oo#....#....))......#
+.....oo'o.ooo@...)....).∩#
+.....oo#.o..#....))......#
#.......######............#
##...o.## ##........∩.##
####### ############


You could see 3 orc warriors and 5 orcs.

Vanquished Creatures
  Sigmund (D:2)
  A water moccasin (D:7)
  2 ice beasts
  A phantom (D:5)
  A necrophage (D:7)
  2 ogres (D:5)
  A centaur (D:7)
  A bullfrog (D:8)
  A water moccasin skeleton (D:7)
  A scorpion (D:5)
  6 killer bees (D:7)
  A crimson imp (D:5)
  A centaur zombie (D:5)
  2 hounds (D:5)
  A quasit (D:5)
  2 centaur skeletons
  2 orc priests
  2 bullfrog skeletons
  2 jellies
  3 orc wizards
  An iguana (D:5)
  2 worker ants
  A hound skeleton (D:4)
  A howler monkey skeleton (D:6)
  10 adders
  A gnoll (D:1)
  3 shadow imps
  An ooze (D:5)
  2 adder zombies
  An adder skeleton (D:6)
  6 worms
  A dart slug (D:1)
  3 leopard geckos
  26 orcs
  6 bats (D:2)
  9 giant cockroaches
  7 hobgoblins
  13 jackals
  3 quokkas
  A ball python (D:3)
  7 frilled lizards
  7 goblins
  4 kobolds
  6 rats
156 creatures vanquished.

Notes
Turn   | Place    | Note
-------+----------+-------------------------------------------
     0 | D:1      | LLavrengius the Vampire Enchanter began the quest for the
                  | Orb.
     0 | D:1      | Reached XP level 1. HP: 13/13 MP: 3/3
   250 | D:1      | Reached skill level 5 in Hexes
   282 | D:1      | Reached XP level 2. HP: 17/19 MP: 5/5
   286 | D:1      | Learned a level 2 spell: Ensorcelled Hibernation
   758 | D:1      | Reached skill level 6 in Hexes
  1105 | D:2      | Found an ancient bone altar of Kikubaaqudgha.
  1144 | D:2      | Found a sparkling altar of Nemelex Xobeh.
  1149 | D:2      | Reached XP level 3. HP: 24/24 MP: 6/6
  1640 | D:2      | Noticed Sigmund
  1652 | D:2      | Killed Sigmund
  1652 | D:2      | Reached XP level 4. HP: 30/30 MP: 4/7
  1652 | D:2      | Reached XP level 5. HP: 35/35 MP: 4/8
  2376 | D:3      | Learned a level 3 spell: Confuse
  2555 | D:3      | Reached XP level 6. HP: 40/41 MP: 6/9
  3073 | D:3      | Found a deep blue altar of Sif Muna.
  3461 | D:4      | Found a hide-covered altar of Uskayaw.
  3589 | D:4      | Found a shimmering altar of Xom.
  3607 | D:4      | Found a burning altar of Makhleb.
  3607 | D:4      | Found a sacrificial altar of Ru.
  3611 | D:4      | Found a snail-covered altar of Cheibriados.
  3611 | D:4      | Found a shimmering altar of Xom.
  3611 | D:4      | Found a sacrificial altar of Ru.
  4028 | D:5      | Entered Level 5 of the Dungeon
  4075 | D:5      | Reached skill level 5 in Short Blades
  4961 | D:5      | Noticed an ice beast
  4964 | D:5      | Killed an ice beast
  4964 | D:5      | Reached skill level 7 in Hexes
  4964 | D:5      | Reached XP level 7. HP: 39/46 MP: 7/10
  5932 | D:5      | Reached skill level 1 in Ice Magic
  6021 | D:5      | Reached skill level 8 in Hexes
  6021 | D:5      | Reached XP level 8. HP: 38/52 MP: 3/11
  7381 | D:6      | Found an opulent altar of Gozag.
  7408 | D:6      | Found a bloodstained altar of Trog.
  7436 | D:6      | Found a stormy altar of Qazlal.
  7606 | D:6      | Found a white marble altar of Elyvilon.
  7765 | D:6      | Found a snail-covered altar of Cheibriados.
  7912 | D:7      | Found a staircase to the Ecumenical Temple.
  7928 | Temple   | Entered the Ecumenical Temple
  7988 | D:7      | Found a transporter.
  7989 | D:7      | Noticed a kobold demonologist
  8070 | D:7      | Reached skill level 9 in Hexes
  8719 | D:7      | Found a transporter.
  8814 | D:7      | Reached XP level 9. HP: 51/57 MP: 6/12
  8884 | D:7      | Found a blossoming altar of Fedhas.
  9032 | D:8      | Found Lotziunk's Weapon Boutique.
  9037 | D:8      | Bought a +4 dagger of electrocution for 297 gold pieces
  9062 | D:8      | Found Xyefec's Distillery.
  9074 | D:8      | Found Xeakk's General Store.
  9108 | D:8      | Found Zyevou's Weapon Boutique.
  9121 | D:8      | Found a radiant altar of Vehumet.
  9157 | D:8      | Reached skill level 10 in Hexes
  9240 | D:8      | Found a flagged portal.
  9250 | Bailey   | Entered a bailey
  9365 | Bailey   | Mangled by an orc warrior

Skill      XL: |  1  2  3  4  5  6  7  8  9 |
---------------+----------------------------+-----
Hexes          | 5 6 7 8 9 10 | 10.1
Short Blades   | 3 4 5 7 9 |  9.8
Stealth        | 6 7 8 |  8.0
Ice Magic      | 1 2 |  2.0
Dodging        | |  2.1
Spellcasting   | |  2.0

Action                   |  1- 3 |  4- 6 |  7- 9 || total
-------------------------+-------+-------+-------++-------
Melee: Dagger            |    72 |   223 |   183 ||   478
       Bite              |     8 |    17 |    14 ||    39
 Cast: Corona            |     1 |       |     2 ||     3
       Ensorcelled Hiber |     5 |    30 |    47 ||    82
       Confuse           |       |     7 |    16 ||    23
  Use: Potion            |       |     2 |     7 ||     9
       Scroll            |       |       |    12 ||    12
 Stab: Sleeping          |    18 |    41 |    36 ||    95
       Confused          |       |     1 |    10 ||    11
       Invisible         |       |       |     8 ||     8
Armor: Robe              |     9 |    17 |       ||    26
       Leather armour    |       |    26 |    25 ||    51
Dodge: Dodged            |    30 |   138 |    90 ||   258
